[Event "NJSK 2022 Meisjes C"]
[Site "Almelo, Netherlands"]
[Date "2022.05.02"]
[Round "2.5"]
[White "Roebers, Bregje"]
[Black "Liu, Chia-Yun"]
[Result "0-1"]
[TimeControl "90min/40moves + 30min + 30sec/move"]
[WhiteElo "1214"]
[BlackElo "1148"]

1. e4 e5 2. Nf3 Nc6 3. d4 exd4 4. Nxd4 Bc5 5. Be3 Qf6 6. c3 Nge7 7. Be2 O-O 8. Nxc6 Qxc6 9. Bxc5 Qxc5 10.
O-O d6 11. Nd2 f5 12. Bc4+ Kh8 13. Bb3 f4 14. Nf3 Ng6 15. Qd5 Qxd5 16. Bxd5 c6 17. Bb3 Ne5 18. Nxe5 dxe5 19. Rad1 Bg4 20.
f3 Bh5 21. Rd7 b6 22. Rfd1 a5 23. a3 h6 24. Re7 Rfe8 25. Rxe8+ Rxe8 26. Kf2 Re7 27. Rd6 Be8 28. Re6 Rxe6 29.
Bxe6 Kh7 30. Bc4 Kg6 31. b4 a4 32. Bf1 b5 33. g3 Kf6 34. gxf4 exf4 35. Ke2 Ke5 36. Bh3 g5 37. Bf5 h5 38.
h3 Kd6 39. Kd3 Bd7 40. e5+ Ke7 41. Bxd7 Kxd7 42. Kd4 h4 43. Ke4 Ke6 44. Kd4 Kf5 45. Kd3 Kxe5 46. Ke2 Kd5 47. Kd3 c5 48.
bxc5 Kxc5 49. Kd2 Kc4 50. Kc2 g4 51. fxg4 f3 52. Kd2 f2 53. Ke2 f1=Q+ 54. Kxf1 Kxc3 55. g5 b4 56. g6 bxa3 57.
g7 a2 58. g8=Q a1=Q+ 59. Ke2 Qb2+ 60.
Ke3 Qd2 61. Kf3 Qd3 62. Kf4 Qg3+ 63. Qxg3+ hxg3 64. Kxg3 a3 65. h4 a2 66. h5 a1=Q 67. Kg4 Qg1+ 68. Kf5 Qf2+ 69. Kg6 Qg3+ 70.
Kf5 Qh4 71. Kg6 Qg4+ 72. Kh6 Kd4 0-1

[Event "NJSK 2022 Meisjes C"]
[Site "Almelo, Netherlands"]
[Date "2022.05.02"]
[Round "2.6"]
[White "Tunyluhulima, Serana"]
[Black "Gergin, Isafara"]
[Result "0-1"]
[TimeControl "90min/40moves + 30min + 30sec/move"]
[WhiteElo "1617"]
[BlackElo "1723"]

1. e4 c5 2. Nf3 Nc6 3. Nc3 d6 4.
Bb5 Bd7 5. Bxc6 Bxc6 6. d4 cxd4 7. Nxd4 Nf6 8. Qe2 e5 9. Nf3 Be7 10. O-O O-O 11. Rd1 Qd7 12. Nxe5 Qe6 13. Nxc6 bxc6 14. Bg5 h6 15. Bh4 Rfe8 16.
Bg3 Rad8 17. Rd4 Nd7 18. Rad1 Ne5 19. h3 Bf6 20. Kh1 Qe7 21. b4 Qb7 22. b5 Ng6 23. bxc6 Qxc6 24. Rc4 Qa6 25.
Ra4 Qc6 26. Rc4 Qd7 27. Rxd6 Qb7 28. Rxd8 Rxd8 29. Rc7 Qb6 30. Qc4 Rf8 31. a4 Qb2 32. Nd5 Be5 33. Bxe5 Nxe5 34. Ne7+ Kh7 35.
Qe2 Qc1+ 36. Kh2 Qf4+ 37. Kg1 Nf3+ 38. Qxf3 Qxc7 39. Qf5+ g6 40. Nxg6 Rb8 41. Ne7+ Kg7 42. Qg4+ Kf8 43.
g3 Qxe7 44. Qf4 Rb6 45. a5 Rb1+ 46. Kg2 Qg5 47. Qxg5 hxg5 48. Kf3 Ra1 49. Kg4 Rxa5 50. f4 gxf4 51. Kxf4 Rc5 52. g4 a5 53.
Ke3 a4 54. Kd2 a3 55. Kc1 Rb5 56. h4 a2 57. h5 a1=Q+ 58. Kd2 Qd4+ 59. Kc1 Qe3+ 60. Kd1 Rb1# 0-1

[Event "NJSK 2022 Meisjes C"]
[Site "Almelo, Netherlands"]
[Date "2022.05.02"]
[Round "2.7"]
[White "Jonkman, Sophia"]
[Black "De Bruijne, Marlies"]
[Result "0-1"]
[TimeControl "90min/40moves + 30min + 30sec/move"]
[WhiteElo "1417"]
[BlackElo "858"]

1. d4 d5 2. c4 dxc4 3. Qa4+ Nc6 4. e3 Nf6 5. Qxc4 Bf5 6. Nc3 Ne4 7. Bd3 Nd6 8. Qb3 Bxd3 9. Nf3 Na5 10.
Qa4+ Nc6 11. d5 b5 12. Qd1 Nb4 13. Nd4 Be4 14. O-O Nxd5 15. Qd2 Nxc3 16. Qxc3 Qd7 17. h3 g6 18. f3 Bb7 19.
Nxb5 Nxb5 20. Qxh8 h5 21. b3 O-O-O 22. Bb2 e6 23. a4 Nd6 24. Rfd1 f5 25. Qc3 Qe7 26. Ba3 Qg7 27. Qc2 g5 28.
Rac1 Kb8 29. Rd3 Rc8 30. Rc3 g4 31. hxg4 hxg4 32. f4 Be4 33. Qe2 Nb7 34. Bb2 Qh7 35. Qa6 Bd6 36. Rc4 Bd3 37.
Bd4 Bc5 38. Bxc5 Nxc5 39. Qb5+ Nb7 40. Qa6 g3 41. Qxb7+ Kxb7 42. Rb4+ Ka8 0-1

[Event "NJSK 2022 Meisjes C"]
[Site "Almelo, Netherlands"]
[Date "2022.05.02"]
[Round "2.8"]
[White "Kulikova, Polina"]
[Black "Koorevaar, Sarah-Joy"]
[Result "1/2-1/2"]
[TimeControl "90min/40moves + 30min + 30sec/move"]
[WhiteElo "1117"]
[BlackElo "849"]

1. d4 Nf6 2. c4 e6 3. Nf3 b6 4. Bg5 Bb7 5. Nc3 Bb4 6. Qc2 O-O 7. e3 d5 8. Bd3 Bxc3+ 9. Qxc3 dxc4 10.
Qxc4 Ba6 11. Qc2 Bxd3 12. Qxd3 Nc6 13. a3 e5 14. Qc2 Qd6 15. Rc1 Nd8 16. Qxc7 Qxc7 17. Rxc7 Ne6 18. Rc2 exd4 19.
Bxf6 gxf6 20. Nxd4 Nxd4 21. exd4 Rfe8+ 22. Kd2 Rad8 23. Kd3 Re7 24. Rhc1 Red7 25. Rc4 Kf8 26. Re1 a5 27. a4 Kg7 28.
Re4 h5 29. Rc6 Rb8 30. Rf4 b5 31. Ra6 bxa4 32. Rxa5 Rb3+ 33. Kc2 Rc7+ 34. Kd2 Rxb2+ 35. Ke3 Rc3+ 36. Ke4 a3 37. Rf3 Re2+ 38.
Kf4 Rc4 39. Rfxa3 Rxd4+ 40. Kf3 Re5 41. Rxe5 fxe5 42. Ke3 f5 43. g3 h4 44. f4 hxg3 45. hxg3 Kg6 46. Ra5 Re4+ 47. Kf3 exf4 48.
gxf4 Rb4 49. Kg3 Rb3+ 50. Kh4 Rf3 51. Ra6+ Kf7 52. Kg5 Rc3 53. Kxf5 Rc5+ 54. Kg4 Rb5 55. f5 Rb1 56. Ra3 Kf6 57. Ra6+ Kf7 58. Ra4 Kf6 59.
Ra6+ Kf7 60. Kf4 Rf1+ 61. Ke5 Re1+ 62. Ke4 1/2-1/2

[Event "NJSK 2022 Meisjes C"]
[Site "Almelo, Netherlands"]
[Date "2022.05.02"]
[Round "2.9"]
[White "Yildirim, Azra"]
[Black "Hagen, Carlijn"]
[Result "1-0"]
[TimeControl "90min/40moves + 30min + 30sec/move"]
[WhiteElo "985"]
[BlackElo "783"]

1. e4 e5 2. Nf3 Nc6 3. Bc4 Nf6 4. Ng5 d5 5. exd5 Na5 6. d3 Bg4 7. f3 Bf5 8. Qe2 Qd6 9. Bf4 Nd7 10.
Nc3 a6 11. O-O-O Be7 12. Bd2 Nxc4 13. dxc4 Bxg5 14. Bxg5 Qg6 15. Bf4 O-O 16. Be3 b5 17. g4 Bxg4 18. fxg4 b4 19. Na4 a5 20.
Nc5 Nf6 21. Rhg1 a4 22. Kb1 Ne4 23. Nd7 Rfd8 24. Nxe5 Qf6 25. Bd4 Qa6 26. Qxe4 b3 27. a3 bxc2+ 28. Qxc2 Re8 29. Qf2 f6 30.
Nd7 Qxc4 31. Nxf6+ Kh8 32. Nxe8 Rxe8 33. Rge1 Rb8 34. Qf7 Rg8 35.
Re8 1-0

[Event "NJSK 2022 Meisjes C"]
[Site "Almelo, Netherlands"]
[Date "2022.05.03"]
[Round "3.1"]
[White "Damen, Josephine"]
[Black "Westerhof, Fleur"]
[Result "0-1"]
[TimeControl "90min/40moves + 30min + 30sec/move"]
[WhiteElo "1600"]
[BlackElo "1509"]

1. e4 e5 2. Nf3 Nc6 3. Bc4 Bc5 4. c3 Nf6 5. d4 exd4 6. cxd4 Bb4+ 7. Nc3 Nxe4 8. O-O Bxc3 9. d5 Bf6 10.
Re1 Ne7 11. Rxe4 d6 12. Bg5 Bxg5 13. Nxg5 h6 14. Nxf7 Kxf7 15. Qf3+ Nf5 16. Rae1 Rf8 17. Bd3 Kg8 18. Rf4 Qf6 19.
Qh5 Qg5 20. Qf3 Bd7 21. Ree4 Nh4 22. Qg3 Qxg3 23. hxg3 Ng6 24. Rxf8+ Rxf8 25. Rb4 Ne5 26. Be2 b6 27. f4 Ng6 28.
Rc4 Rc8 29. Bh5 Ne7 30. Bf3 c5 31. g4 Ng6 32. g3 Re8 33. Kf2 b5 34. Rc3 b4 35. Rc1 a5 36. b3 a4 37. bxa4 Bxa4 38.
g5 hxg5 39. Bh5 Nxf4 40. gxf4 Rf8 41. Rg1 Rxf4+ 42. Ke3 Rf5 43. Bg4 Re5+ 44. Kf2 b3 45. axb3 Bxb3 46. Bh5 Rxd5 47. Bg6 Kf8 48.
Re1 Re5 49. Ra1 Ke7 0-1

[Event "NJSK 2022 Meisjes C"]
[Site "Almelo, Netherlands"]
[Date "2022.05.03"]
[Round "3.2"]
[White "Van Apeldoorn, Vera"]
[Black "Liu, Chia-Yun"]
[Result "0-1"]
[TimeControl "90min/40moves + 30min + 30sec/move"]
[WhiteElo "1022"]
[BlackElo "1148"]

1. d4 d5 2. c4 e6 3. cxd5 exd5 4. Nc3 Nf6 5. Bg5 Be7 6. Nf3 O-O 7. e3 c6 8. Bd3 Re8 9. O-O h6 10.
Bh4 Bg4 11. h3 Be6 12. Re1 Qc8 13. Kf1 Bf5 14. Bxf5 Qxf5 15. Bg3 Ne4 16. Nxe4 dxe4 17. Nd2 Nd7 18. Qc2 Bg5 19. Nc4 Be7 20.
Bd6 Qe6 21. Bf4 Nf6 22. a3 Rad8 23. Rac1 Nh5 24. Be5 Qg6 25. Nd2 Bf6 26. Rcd1 Bxe5 27. dxe5 Rxe5 28. Nc4 Rxd1 29. Rxd1 Rg5 30.
g4 Nf6 31. Rd8+ Kh7 32. Rb8 h5 33. gxh5 Qxh5 34. Rxb7 Qxh3+ 35. Ke1 Rg2 36. Qe2 Kg8 37. Rb8+ Kh7 38. Rb7 Qh2 39. Rxa7 Qg1+ 40.
Qf1 Qh2 41. Qe2 Qg1+ 42. Qf1 Qh2 43. Qe2 Kg6 44. Ra6 Ng4 45. Rxc6+ Kh7 46. Rc8 Qh1+ 47. Qf1 Rg1 48. Qxg1 Qxg1+ 49. Kd2 Qxf2+ 50. Kc3 Nxe3 51. a4 Nxc4 52. Rxc4 e3 53. a5 Qe1+ 54. Kd3 Qxa5 55. Kxe3 Qe5+ 56. Re4 Qxb2 57. Rh4+ Kg8 58.
Rc4 Qb3+ 59. Kd4 Qxc4+ 60. Kxc4 g5 61. Kd3 f5 62. Ke3 Kf7 63. Kf3 Ke6 64. Kg3 Ke5 65. Kf3 Kd4 66. Kg3 Ke3 67.
Kg2 Ke2 68. Kg3 f4+ 69. Kg4 f3 70. Kh5 f2 71. Kg6 f1=Q 72. Kh5 g4 73. Kh4 Qh3+ 74. Kg5 g3 75. Kf4 g2 76. Ke4 g1=Q 77.
Kd5 Qg5+ 78. Kd4 Qf4+ 79. Kd5 Qh5+ 80. Ke6 Qfh6+ 0-1

[Event "NJSK 2022 Meisjes C"]
[Site "Almelo, Netherlands"]
[Date "2022.05.03"]
[Round "3.3"]
[White "Gergin, Isafara"]
[Black "Feng, Elysia"]
[Result "0-1"]
[TimeControl "90min/40moves + 30min + 30sec/move"]
[WhiteElo "1723"]
[BlackElo "1641"]

1. e4 e5 2. Nf3 Nc6 3. Bc4 Bc5 4. c3 Nf6 5. d3 d6 6. Bb3 Be6 7. Bc2 h6 8. h3 Qd7 9. Nbd2 a6 10.
Nf1 O-O-O 11. d4 exd4 12. cxd4 Bb4+ 13. Bd2 Rhe8 14. Ng3 Bc4 15. Bxb4 Nxb4 16. Qd2 Nxc2+ 17. Qxc2 Nxe4 18. Nxe4 Bd5 19.
O-O Bxe4 20. Qc3 Bxf3 21. Qxf3 d5 22. a4 Re4 23. Qc3 Rde8 24. b4 Qc6 25. Qxc6 bxc6 26. Rfd1 Re2 27. Rdc1 Kd7 28.
Rc5 Re1+ 29. Rxe1 Rxe1+ 30. Kh2 Rb1 31. Ra5 Rxb4 32. Rxa6 Rxd4 33. Kg3 Rb4 34. Kf3 c5 35. Ke3 Rb3+ 36.
Kd2 c4 37. Ra5 Kd6 38. Ra8 d4 39. a5 Rb2+ 40. Kc1 c3 41. a6 Ra2 42. a7 Kc5 43. Rf8 Rxa7 44. Rxf7 d3 45. Kb1 c2+ 46.
Kb2 Rb7+ 0-1

[Event "NJSK 2022 Meisjes C"]
[Site "Almelo, Netherlands"]
[Date "2022.05.03"]
[Round "3.4"]
[White "Maris, Lauri"]
[Black "Yildirim, Azra"]
[Result "1-0"]
[TimeControl "90min/40moves + 30min + 30sec/move"]
[WhiteElo "1619"]
[BlackElo "985"]

1. e4 c5 2. Nf3 Nc6 3. Bc4 e6 4. Nc3 Nf6 5. O-O Nxe4 6. Nxe4 d5 7. Bxd5 exd5 8. Nc3 Bf5 9. Re1+ Be7 10.
d3 h6 11. Ne5 Rc8 12. Nxc6 Rxc6 13. Qf3 Be6 14. Qg3 Bf6 15. Bf4 Qb6 16. Nxd5 Qxb2 17. Nxf6+ Qxf6 18. Be5 Qg5 19. Qxg5 hxg5 20.
Bxg7 Rh7 21. Bf6 g4 22. a3 Kd7 23. Be5 c4 24. d4 Bd5 25. c3 Re6 26. Bf4 f5 27. Re5 Kc6 28. Rxf5 Rhe7 29.
Re5 Kd6 30. Rxe6+ Kxe6 31. Re1+ Kf6 32. Bg5+ Kxg5 33. Rxe7 a5 34. Re5+ Kf4 35. g3+ 1-0

[Event "NJSK 2022 Meisjes C"]
[Site "Almelo, Netherlands"]
[Date "2022.05.03"]
[Round "3.5"]
[White "Verbunt, Lisa"]
[Black "Knobbe, Elise"]
[Result "0-1"]
[TimeControl "90min/40moves + 30min + 30sec/move"]
[WhiteElo "807"]
[BlackElo "1553"]

1. e4 c5 2. c3 Nc6 3. d4 d5 4. e5 e6 5. Nf3 b6 6. Bd3 g6 7. Na3 Bg7 8. Nc2 Nge7 9. O-O O-O 10.
Bg5 Qd7 11. Re1 Bb7 12. Qd2 Rac8 13. Rac1 cxd4 14. cxd4 Na5 15. b3 Nac6 16. h3 Kh8 17. Qf4 Nf5 18. g4 Nfe7 19. h4 Ng8 20.
Bf6 Rfe8 21. h5 Qc7 22. h6 Bxf6 23. exf6 Qxf4 0-1

[Event "NJSK 2022 Meisjes C"]
[Site "Almelo, Netherlands"]
[Date "2022.05.03"]
[Round "3.6"]
[White "De Bruijne, Marlies"]
[Black "Fu, Janice"]
[Result "0-1"]
[TimeControl "90min/40moves + 30min + 30sec/move"]
[WhiteElo "858"]
[BlackElo "1344"]

1. e4 e5 2. Nf3 Nc6 3. Bc4 Bc5 4. d3 d6 5. Ng5 Nh6 6. h3 Na5 7. Nf3 Nxc4 8. dxc4 Be6 9. Bxh6 gxh6 10.
Nbd2 Rg8 11. Rg1 Qe7 12. Qe2 O-O-O 13. O-O-O f5 14. g3 Qf7 15. Rh1 fxe4 16. Qxe4 Bxf2 17. g4 Qg6 18. b3 Bc5 19.
Qxg6 Ba3+ 20. Kb1 hxg6 21. g5 hxg5 22. Nxg5 Bf5 23. Nf7 Rdf8 24. Nh6 Rh8 25. Nxf5 gxf5 26. c3 Bc5 27. b4 Be3 28. Nb3 f4 29. a4 f3 30. Rdf1 e4 31. Kc2 f2 32. Kd1 Rf3 33.
h4 Rg8 34. Rh2 Rgg3 35. Ke2 Rg1 36. Nd4 Bxd4 37. cxd4 Rxf1 38. Kxf1 e3 39. Rh1 Rg3 40. h5 Rg7 41. h6 Rh7 42.
Ke2 Kd7 43. Kxe3 Ke6 44. Ke4 Ke7 45. Kd5 Rxh6 46. Rf1 Rh4 47. c5 c6+ 48. Kc4 Rf4 49. b5 Rf3 50. bxc6 bxc6 51. a5 d5+ 52.
Kb4 Kf6 53. a6 Kf5 54. Ka4 Kg4 55. Re1 Ra3+ 56. Kxa3 fxe1=Q 57. Ka4 Qd1+ 58. Kb4 Qxd4+ 59. Ka3 Kf3 60. Kb3 Ke3 61. Ka3 Qxc5+ 62. Ka4 Qb6 63. Ka3 Kd3 64. Ka4 Kc3 65.
Ka3 Qb3# 0-1

[Event "NJSK 2022 Meisjes C"]
[Site "Almelo, Netherlands"]
[Date "2022.05.03"]
[Round "3.7"]
[White "Koorevaar, Sarah-Joy"]
[Black "Roebers, Bregje"]
[Result "0-1"]
[TimeControl "90min/40moves + 30min + 30sec/move"]
[WhiteElo "849"]
[BlackElo "1214"]

1. d4 d5 2. c4 e6 3. Nc3 Nf6 4. g3 Be7 5. Bg2 Nc6 6. Bg5 dxc4 7. Nf3 Nd5 8. Nxd5 exd5 9. Bxe7 Nxe7 10.
O-O O-O 11. Re1 Nc6 12. Rc1 Re8 13. Qc2 Be6 14. e4 Nb4 15. Qd2 Nd3 16. exd5 Nxe1 17. dxe6 Nxf3+ 18. Bxf3 Rxe6 19. Rxc4 c6 20.
Qc3 Re7 21. d5 cxd5 22. Rd4 Rc8 23. Rxd5 Qe8 24. Qd2 Qc6 25. Qd4 h6 26. Kg2 Qb6 27. Qf4 Qxb2 28. Be4 Rce8 29. Rd2 Qe5 30.
Qxe5 Rxe5 31. Bxb7 Re2 32. Rxe2 Rxe2 33. Bd5 Kf8 34. Kf3 Re7 35. Be4 Ke8 36. Kf4 g6 37. f3 Kd8 38. h4 Kc7 39.
Kg4 f5+ 40. Bxf5 gxf5+ 41. Kxf5 Rf7+ 42. Kg4 Rg7+ 43. Kf4 Kd6 44. g4 Ke6 45. Ke4 Rf7 46. f4 Kf6 47. g5+ hxg5 48. hxg5+ Kg6 49.
Kf3 Rf5 50. Kg4 Ra5 0-1

[Event "NJSK 2022 Meisjes C"]
[Site "Almelo, Netherlands"]
[Date "2022.05.03"]
[Round "3.8"]
[White "Jonkman, Sophia"]
[Black "Kulikova, Polina"]
[Result "0-1"]
[TimeControl "90min/40moves + 30min + 30sec/move"]
[WhiteElo "1417"]
[BlackElo "1117"]

1. d4 Nf6 2. c4 e6 3. Nf3 b6 4. g3 Bb7 5. Bg2 Bb4+ 6. Bd2 Bxd2+ 7. Nbxd2 O-O 8. O-O d5 9. b3 Nc6 10.
e3 Ne7 11. Qc2 Ng6 12. Rfd1 Re8 13. Rac1 Rc8 14. cxd5 exd5 15. Qc3 c6 16. Ne5 Qe7 17. Nxg6 fxg6 18. Qd3 Rf8 19. h3 Qf7 20.
Rf1 Rc7 21. e4 dxe4 22. Nxe4 Nxe4 23. Bxe4 Rd8 24. a4 c5 25. Bxb7 Rxb7 26. Qb5 Rxd4 27. Qc6 Qd7 28. Qf3 Rd3 29.
Qf4 Rxb3 30. Rfe1 Rb4 31. Qf3 h6 32. Re3 Qf7 33. Qg2 Re7 34. Qa8+ Kh7 35. Kg2 Rxe3 36. Rc2 Rd3 37. Re2 Qd5+ 38.
Qxd5 Rxd5 39. Re7 Rxa4 0-1

[Event "NJSK 2022 Meisjes C"]
[Site "Almelo, Netherlands"]
[Date "2022.05.03"]
[Round "3.9"]
[White "Hagen, Carlijn"]
[Black "Tunyluhulima, Serana"]
[Result "0-1"]
[TimeControl "90min/40moves + 30min + 30sec/move"]
[WhiteElo "783"]
[BlackElo "1617"]

1. e4 e5 2. Nf3 Nc6 3. Bb5 d6 4. d3 Nf6 5. Nc3 Bg4 6. Nd5 Be7 7. Nxe7 Qxe7 8. h3 Bh5 9. Be3 d5 10.
exd5 Nxd5 11. Bd2 O-O 12. Qe2 Nd4 13. Qxe5 Nxf3+ 14. gxf3 Qxe5+ 15. Kf1 Qxb2 16. Re1 Qxb5 17. Re5 Bxf3 18.
Rg1 g6 19. c4 Qb1+ 20. Re1 Qxd3+ 21. Re2 Qxe2# 0-1

[Event "NJSK 2022 Meisjes C"]
[Site "Almelo, Netherlands"]
[Date "2022.05.04"]
[Round "4.1"]
[White "Feng, Elysia"]
[Black "Westerhof, Fleur"]
[Result "1-0"]
[TimeControl "90min/40moves + 30min + 30sec/move"]
[WhiteElo "1641"]
[BlackElo "1509"]

1. e4 e5 2. Nf3 Nc6 3. Bb5 a6 4. Bxc6 dxc6 5. O-O Bd6 6. d4 exd4 7. Qxd4 f6 8. Re1 Ne7 9. e5 fxe5 10.
Nxe5 Be6 11. Nc3 O-O 12. Bg5 Qe8 13. Bxe7 Qxe7 14. Qe4 Rae8 15. Re3 Qf6 16. Nd3 Qh6 17. h3 Bd5 18. Qxe8 Rxe8 19.
Rxe8+ Kf7 20. Rae1 Bc4 21. R8e3 b5 22. Rf3+ Kg6 23. Rfe3 Kf7 24. b3 Bxd3 25. Rf3+ Bf4 26. cxd3 g5 27.
g3 Qxh3 28. Ree3 Qg4 29. Kf1 Kg6 30. gxf4 gxf4 31. Rg3 fxg3 32. Rxg3 h5 33. Ne4 Kf5 34. Rxg4 hxg4 35. Ke2 Ke5 36.
Ke3 Kd5 37. Nf6+ 1-0

[Event "NJSK 2022 Meisjes C"]
[Site "Almelo, Netherlands"]
[Date "2022.05.04"]
[Round "4.2"]
[White "Liu, Chia-Yun"]
[Black "Maris, Lauri"]
[Result "0-1"]
[TimeControl "90min/40moves + 30min + 30sec/move"]
[WhiteElo "1148"]
[BlackElo "1619"]

1. e4 e5 2. Nf3 Nc6 3. Bc4 Bc5 4. c3 Nf6 5. d3 O-O 6. O-O d6 7. b4 Bb6 8. a4 a5 9. b5 Ne7 10.
Nbd2 Ng6 11. h3 h6 12. Re1 Re8 13. Nf1 Be6 14. N1d2 Qd7 15. Bxe6 Qxe6 16. Nf1 d5 17. Ng3 dxe4 18.
dxe4 Rad8 19. Bd2 Nf4 20. Qc1 Nd3 21. Qc2 Bxf2+ 22. Kh2 Bxg3+ 23. Kxg3 Nxe1 24. Rxe1 b6 25. Nh4 Qc4 26. Nf5 Qd3+ 27.
Qxd3 Rxd3+ 28. Be3 Nxe4+ 29. Kh2 Nxc3 30. Rc1 Nd5 31. Bf2 e4 32. Re1 e3 33. Ng3 Nc3 34. Bg1 e2 35. Bf2 Rd1 36.
Nxe2 Rxe2 37. Rxe2 Nxe2 38. Bg3 Nxg3 39. Kxg3 Rd4 40. h4 Rxa4 41. Kh3 Rb4 42. g3 a4 43. h5 a3 44. g4 a2 45.
Kh4 a1=Q 46. Kg3 Rb3+ 47. Kh4 Qh1# 0-1

[Event "NJSK 2022 Meisjes C"]
[Site "Almelo, Netherlands"]
[Date "2022.05.04"]
[Round "4.3"]
[White "Van Apeldoorn, Vera"]
[Black "Damen, Josephine"]
[Result "1/2-1/2"]
[TimeControl "90min/40moves + 30min + 30sec/move"]
[WhiteElo "1022"]
[BlackElo "1600"]

1. d4 Nf6 2. c4 g6 3. Nc3 Bg7 4. e4 d6 5. Nf3 O-O 6. Be2 e5 7. dxe5 dxe5 8. Qxd8 Rxd8 9.
Bg5 Re8 10. O-O-O Na6 11. h3 Be6 12. Rhg1 Nc5 13. Bxf6 Bxf6 14. g4 a5 15. h4 c6 16. h5 g5 17. Kb1 h6 18. Rd2 Reb8 19.
Rc2 Bd7 20. Rd2 b5 21. cxb5 cxb5 22. Rd5 b4 23. Rxc5 bxc3 24. Rxc3 Rb4 25. Rc4 Rab8 26. Rxb4 Rxb4 27. Nd2 Be7 28.
Nc4 Bb5 29. Rc1 a4 30. a3 Rb3 31. Bd1 Bxc4 32. Rxc4 Rd3 33. Bxa4 Rf3 34. Rc2 Rf4 35. Bb3 Rxg4 36. Rc7 Kf8 37.
Rc4 Rf4 38. Rc6 Kg7 39. Rc7 Kf8 1/2-1/2

[Event "NJSK 2022 Meisjes C"]
[Site "Almelo, Netherlands"]
[Date "2022.05.04"]
[Round "4.4"]
[White "Knobbe, Elise"]
[Black "Fu, Janice"]
[Result "1/2-1/2"]
[TimeControl "90min/40moves + 30min + 30sec/move"]
[WhiteElo "1553"]
[BlackElo "1344"]

1. c4 e5 2. g3 Nf6 3. Bg2 Bc5 4. Nc3 Nc6 5. e3 d6 6. Nge2 Be6 7. d4 Bb6 8. d5 Qd7 9. dxe6 fxe6 10.
b3 O-O 11. O-O Qe8 12. Ne4 Qg6 13. Nxf6+ Rxf6 14. a3 Raf8 15. Nc3 Qf7 16. Ne4 Rg6 17. Bb2 Qf5 18. Rc1 Rd8 19. Qf3 Ne7 20.
Qxf5 exf5 21. Nc3 c6 22. Rfd1 Rf8 23. Na4 Bc7 24. c5 d5 25.
Nc3 f4 26. exf4 exf4 27. Bf1 h5 28. Ne2 h4 29. Rd3 Nf5 30. Rf3 hxg3 31. hxg3 Nh4 32. Rd3 fxg3 33. fxg3 Nf3+ 34. Kg2 Nh4+ 35.
Kg1 Nf3+ 36. Kg2 Nh4+ 1/2-1/2

[Event "NJSK 2022 Meisjes C"]
[Site "Almelo, Netherlands"]
[Date "2022.05.04"]
[Round "4.5"]
[White "Kulikova, Polina"]
[Black "Gergin, Isafara"]
[Result "0-1"]
[TimeControl "90min/40moves + 30min + 30sec/move"]
[WhiteElo "1117"]
[BlackElo "1723"]

1. d4 Nf6 2. c4 g6 3. Nf3 Bg7 4.
Nc3 O-O 5. Bf4 d6 6. g3 Nbd7 7. Qd2 Re8 8. Bh6 e5 9. Bxg7 Kxg7 10. dxe5 Nxe5 11. Nxe5 dxe5 12. Rd1 Qe7 13. Bg2 e4 14.
Qc2 c6 15. O-O Bf5 16. Qc1 Qc5 17. b3 b5 18. cxb5 cxb5 19. Qb2 Qe5 20. Qa1 Rac8 21. Rc1 b4 22. Na4 Qxa1 23. Rxa1 Rc2 24.
e3 Rd8 25. Rfc1 Rdd2 26. Rxc2 Rxc2 27. h3 h5 28. Bf1 Nd7 29. Kg2 Ne5 30. a3 bxa3 31. Rxa3 Nd3 32. Bxd3 exd3 33. Ra1 Be4+ 34.
Kf1 Bf3 35. g4 d2 36. Kg1 Rc1+ 37. Rxc1 dxc1=Q+ 38. Kh2 Qf1 39. Kg3 Qg2+ 40. Kf4 Qxf2 41. gxh5 Bxh5+ 42. Ke4 Qf5+ 43. Kd4 Qxh3 44.
Kd3 g5 45. Nc3 g4 46. Ne4 Bg6 47. Kd4 Bxe4 48. Kxe4 Qf3+ 49. Kd4 Kf6 50. b4 Qd1+ 51. Ke4 g3 52. b5 g2 53. b6 axb6 54. Kf4 g1=R 55. e4 Rf1+ 56.
Kg3 Qf3+ 57. Kh4 Rh1# 0-1

[Event "NJSK 2022 Meisjes C"]
[Site "Almelo, Netherlands"]
[Date "2022.05.04"]
[Round "4.6"]
[White "Roebers, Bregje"]
[Black "De Bruijne, Marlies"]
[Result "1-0"]
[TimeControl "90min/40moves + 30min + 30sec/move"]
[WhiteElo "1214"]
[BlackElo "858"]

1. e4 e5 2. Nf3 Nc6 3. d4 exd4 4.
Nxd4 Nf6 5. Nc3 Bb4 6. Nxc6 bxc6 7. Bd3 O-O 8. O-O d5 9. exd5 cxd5 10. Bd2 a5 11. h3 Ba6 12. a3 Bxd3 13.
cxd3 Bxc3 14. Bxc3 d4 15. Bd2 Re8 16. b4 a4 17. Bf4 Nd5 18. Bd2 Qd7 19. Qg4 Qxg4 20. hxg4 Rac8 21. Rfe1 h6 22.
Kf1 Re7 23. Rac1 Rxe1+ 24. Rxe1 Nf6 25. f3 g5 26. Rc1 Nd7 27. Rc4 Nb6 28. Rxd4 Kg7 29. Ke2 Re8+ 30. Re4 Rxe4+ 31. dxe4 Nc4 32.
Bc1 c6 33. Kd3 Nd6 34. Bb2+ f6 35. e5 Ne8 36. exf6+ Nxf6 37. Bxf6+ Kxf6 38. Ke4 Ke6 39. Kd4 Kd6 40. g3 Ke6 41.
f4 Kd6 42. f5 Ke7 43. Ke5 h5 44. gxh5 g4 45. h6 Kf7 46. f6 c5 47. bxc5 Kg8 48. Ke6 Kh7 49. f7 Kg6 50. f8=Q Kh5 51.
h7 Kg6 52. Qg8 Kh6 53. h8=R 1-0

[Event "NJSK 2022 Meisjes C"]
[Site "Almelo, Netherlands"]
[Date "2022.05.04"]
[Round "4.7"]
[White "Tunyluhulima, Serana"]
[Black "Verbunt, Lisa"]
[Result "1-0"]
[TimeControl "90min/40moves + 30min + 30sec/move"]
[WhiteElo "1617"]
[BlackElo "807"]

1. e4 e5 2. Nf3 Nc6 3. Nc3 Bc5 4. Bb5 a6 5. Bxc6 dxc6 6. Nxe5 Qf6 7. Nd3 Ba7 8. b3 Ne7 9. Bb2 Bd4 10.
O-O c5 11. Re1 Nc6 12. Nd5 Qd6 13. c4 Bxb2 14. Nxb2 O-O 15. Nd3 Re8 16. Qh5 Ne5 17. Nxe5 Rxe5 18. Qh4 b6 19. Rad1 Bb7 20.
d4 cxd4 21. Rxd4 c5 22. Rd3 Rae8 23. Rg3 Qe6 24. Nf6+ Kf8 25. Nxe8 Qxe8 26. Qxh7 Qd7 27. Qxg7+ Ke8 28. Qxe5+ Kf8 29.
h3 b5 30. Qxc5+ Ke8 31. Rg8# 1-0

[Event "NJSK 2022 Meisjes C"]
[Site "Almelo, Netherlands"]
[Date "2022.05.04"]
[Round "4.8"]
[White "Yildirim, Azra"]
[Black "Koorevaar, Sarah-Joy"]
[Result "1-0"]
[TimeControl "90min/40moves + 30min + 30sec/move"]
[WhiteElo "985"]
[BlackElo "849"]

1. e4 c5 2. Nf3 Nc6 3. c3 e5 4. d4 Bd6 5. Bb5 Qe7 6. Bxc6 dxc6 7. O-O Bg4 8. Nbd2 exd4 9. cxd4 cxd4 10.
Qb3 Nf6 11. e5 Bxe5 12. Nxe5 Qxe5 13. Qxb7 O-O 14. Qxc6 Rfe8 15. Nf3 Bxf3 16. Qxf3 Qe1 17. Bg5 Qe2 18. Qb7 d3 19. Rad1 Ne4 20.
Rde1 Nc5 21. Qxa8 Rxa8 22. Rxe2 dxe2 23. Re1 Re8 24. Be3 Nd3 25. Rxe2 f5 26. Rd2 Ne5 27. Bxa7 f4 28. f3 Ra8 29.
Bd4 Nc6 30. a3 Na5 31. Kf2 Nb3 32. Rd3 Rd8 33. Rxb3 Rxd4 34. Rb8+ Kf7 35. b4 Rd2+ 36. Ke1 Rxg2 37. b5 Kg6 38.
Rf8 Kg5 39. h4+ Kxh4 40. Rxf4+ Kg3 41. Rg4+ Kxf3 42. Rxg2 Kxg2 43. b6 h5 44. b7 h4 45. b8=Q h3 46. Qf8 h2 47. Qf2+ Kh3 48. Qf3+ Kh4 49. Qf4+ Kh3 50. Kf2 h1=N+ 51. Kf3 g6 52. Qh6 1-0

[Event "NJSK 2022 Meisjes C"]
[Site "Almelo, Netherlands"]
[Date "2022.05.04"]
[Round "4.9"]
[White "Hagen, Carlijn"]
[Black "Jonkman, Sophia"]
[Result "1-0"]
[TimeControl "90min/40moves + 30min + 30sec/move"]
[WhiteElo "783"]
[BlackElo "1417"]

1. e4 e6 2. d4 d5 3. e5 c5 4. dxc5 Bxc5 5. Nf3 Nc6 6. Bb5 Qa5+ 7. Nc3 Bd7 8. Bxc6 Bxc6 9. a3 f5 10.
O-O Ne7 11. Bg5 Qc7 12. b4 h6 13. bxc5 hxg5 14. Re1 Qa5 15. Ne2 Qxc5 16. Nxg5 d4 17. Nxe6 Qxe5 18. Ng3 Qd6 19. h3 Kf7 20.
Ng5+ Kf6 21. Re6+ Qxe6 22. Nxe6 Kxe6 23. Qxd4 Kf7 24. Re1 Rad8 25. Qxa7 Rd2 26. Qe3 Rd7 27. Nxf5 Re8 28. Nxe7 Rexe7 29. Qb3+ Kf8 30. Rxe7 Rd1+ 31. Kh2 Kxe7 32. c4 Rd2 33. Qe3+ Ke6 1-0

[Event "NJSK 2022 Meisjes C"]
[Site "Almelo, Netherlands"]
[Date "2022.05.05"]
[Round "5.1"]
[White "Maris, Lauri"]
[Black "Feng, Elysia"]
[Result "1-0"]
[TimeControl "90min/40moves + 30min + 30sec/move"]
[WhiteElo "1619"]
[BlackElo "1641"]

1. e4 e5 2. Nf3 Nc6 3. Bc4 Bc5 4. Nc3 Nf6 5. d3 d6 6. h3 Be6 7. Bb3 h6 8. O-O Qd7 9. Kh2 g5 10.
Bxe6 Qxe6 11. Na4 O-O-O 12. Nxc5 dxc5 13. Nd2 Rdg8 14. g3 h5 15. Nb3 b6 16. a4 Rh7 17. Kg2 Ne7 18. a5 Kb7 19.
axb6 cxb6 20. Rh1 c4 21. Nd2 cxd3 22. cxd3 h4 23. g4 Ng6 24. Nc4 Nf4+ 25. Bxf4 gxf4 26. f3 Rhh8 27. Qa4 a5 28.
Qb5 Nxg4 29. Nxa5+ Kb8 30. Nc6+ Kb7 31. Ra7+ Kc8 32. Qa6# 1-0

[Event "NJSK 2022 Meisjes C"]
[Site "Almelo, Netherlands"]
[Date "2022.05.05"]
[Round "5.2"]
[White "Westerhof, Fleur"]
[Black "Knobbe, Elise"]
[Result "1-0"]
[TimeControl "90min/40moves + 30min + 30sec/move"]
[WhiteElo "1509"]
[BlackElo "1553"]

1. e4 c5 2. Nf3 Nc6 3. d4 cxd4 4. Nxd4 g6 5. c4 Bg7 6. Be3 Nf6 7. Nc3 d6 8. Be2 Bd7 9. O-O O-O 10. f3 a6 11. Qd2 Re8 12. Rfd1 Qc7 13. Rac1 Ne5 14.
Nd5 Qd8 15. Nb3 Nxd5 16. cxd5 Ba4 17. Qb4 Bxb3 18. Qxb3 Qd7 19. Rc2 b5 20. Rdc1 Rec8 21. Qa3 Qb7 22. b3 Rxc2 23. Rxc2 Rc8 24.
Qc1 Rxc2 25. Qxc2 h5 26. h3 Bf6 27. f4 Nd7 28. Qc6 Qxc6 29. dxc6 1-0